 Dungeon Crawl Stone Soup version 0.28-a0-1555-g9ae15a6949 (webtiles) character file.

Game seed: 7759258550572993451

28 croobank the Insei (level 2, -1/23 HPs)
             Began as a Demigod Transmuter on Jan 19, 2022.
             Slain by a worm (7 damage)
             ... on level 2 of the Dungeon.
             The game lasted 00:02:57 (1448 turns).

croobank the Insei (Demigod Transmuter)             Turns: 1448, Time: 00:02:58

Health: -1/23      AC:  2    Str: 17    XL:     2   Next: 75%
Magic:  7/7        EV: 12    Int: 15    God:
Gold:   62         SH:  5    Dex: 14    Spells: 2/5 levels left

rFire   . . .      SeeInvis .   g - +0 short sword
rCold   . . .      Faith    .   (no shield)
rNeg    . . .      Spirit   .   a - +0 robe
rPois   .          Reflect  +   (no helmet)
rElec   .          Harm     +   k - scarf {harm}
rCorr   .          Rampage  .   (no gloves)
Will    .....                   (no boots)
Stlth   +.........              d - amulet of reflection
HPRegen 0.07/turn               h - +6 ring of strength
MPRegen 0.10/turn               (no ring)

@: lethally poisoned (-1 -> -4)
A: high mp 1, forlorn, divine attributes
a: no special abilities


You were on level 2 of the Dungeon.
You visited 1 branch of the dungeon, and saw 2 of its levels.

You collected 62 gold pieces.

Inventory:

Hand Weapons
 g - a +0 short sword (weapon)
Missiles
 b - a stone
 c - 25 bolts
Armour
 a - a +0 robe (worn)
 e - a +0 scale mail
 f - a +0 chain mail
 k - a scarf of harm (worn)
Magical Staves
 i - a staff of poison
Jewellery
 d - an amulet of reflection (around neck)
 h - a +6 ring of strength (left hand)
Scrolls
 j - a scroll of vulnerability {unknown}


   Skills:
 + Level 1.4 Fighting
 + Level 2.1 Dodging
 + Level 2.9 Unarmed Combat
 + Level 2.0 Spellcasting
 + Level 2.1 Transmutations


You had 2 spell levels left.
You knew the following spells:

 Your Spells              Type           Power      Damage    Failure   Level
a - Beastly Appendage     Tmut           14%        N/A       10%         1
b - Wereblood             Tmut           7%         N/A       14%         2

Your spell library contained the following spells:

 Spells                   Type           Power      Damage    Failure   Level
 Spider Form              Tmut/Pois      4%         N/A       41%         3
 Ice Form                 Ice/Tmut       4%         N/A       82%         4


Dungeon Overview and Level Annotations

Branches:
Dungeon (2/15)

Annotations:
D:2 1 runed translucent door, Crazy Yiuf


Innate Abilities, Weirdness & Mutations

You have an increased reservoir of magic. (+10% MP)
You shall have no god before yourself.
Your divine heritage dramatically boosts your attributes as you level up.


Message History

Your transformation is almost over.
The adder hisses angrily.
A worm comes into view.
You closely miss the ball python. The ball python closely misses you. x2
You closely miss the ball python. You claw the ball python.
The ball python is severely wounded.
The bat completely misses you. You block the ball python's attack.
The ball python misses you. The ball python closely misses you.
You block the ball python's attack.
You hit the ball python but do no damage.
You claw the ball python.
You kill the ball python!
You block the bat's attack. The adder bites you.
You miss the adder. You block the bat's attack. The adder closely misses you.
The bat barely misses you. The adder misses you.
Found a stone staircase leading down.
The adder barely misses you. The adder bites you but does no damage.
The bat hits you.
You hit the bat.
The bat is moderately wounded.
The bat hits you but does no damage. The adder bites you.
You hit the adder. Your kick misses the adder. Your headbutt misses the adder.
The adder is severely wounded.
The bat misses you. You block the adder's attack. The adder misses you.
You barely miss the adder.
The adder is severely wounded.
The bat hits you. You block the adder's attack.
The bat hits you but does no damage.
You closely miss the adder. Your kick misses the adder.
Your headbutt misses the adder.
The adder is severely wounded.
Your horns disappear.
Your talons disappear.
The bat closely misses you. The bat hits you. The adder bites you.
You are poisoned.
The adder poisons you! You block the worm's attack.
You closely miss the adder.
The adder is severely wounded.
You feel sick. The bat barely misses you. The adder bites you. x2
* * * LOW HITPOINT WARNING * * *
The worm bites you.
You die...

#...#.###..##..#..
#.#.#.# ##........
#.#.#.####.....†..
#.#.#......####...
##.#.....#### ##..
####.......## ##.
.##.......b..# ##
.[.....S.....#
......w@.....#
>.............#
............#...
........##.####..
.##...### .# ##
##.. .# #.# .. ..


You could see a worm, an adder and a bat.

Vanquished Creatures
  2 dart slugs (D:1)
  4 ball pythons
  4 bats
  5 endoplasms
  2 giant cockroaches (D:1)
  A hobgoblin (D:1)
  A quokka (D:1)
19 creatures vanquished.

Vanquished Creatures (others)
  2 withered plants (D:2)
2 creatures vanquished.

Grand Total: 21 creatures vanquished

Notes
Turn   | Place    | Note
-------+----------+-------------------------------------------
     0 | D:1      | croobank the Demigod Transmuter began the quest for the
                  | Orb.
     0 | D:1      | Reached XP level 1. HP: 15/15 MP: 5/5
   141 | D:1      | Reached skill level 1 in Fighting
   778 | D:1      | Reached XP level 2. HP: 23/23 MP: 5/7
   781 | D:1      | Learned a level 2 spell: Wereblood
  1399 | D:2      | Found a runed translucent door.
  1400 | D:2      | Noticed Crazy Yiuf
  1448 | D:2      | Slain by a worm

Illustrated notes

Levels and vault maps discovered:
D:1:      erik_arrival_orb_chamber, layout_basic, minmay_door_square
D:2:      layout_rooms, shapermc_ecumenical_altar_flowoftime, nrook_campfire,
          uniq_robin, uniq_crazy_yiuf_cottage

Skill      XL: |  1  2 |
---------------+-------+-----
Fighting       | 1 |  1.4
Dodging        | 2 |  2.1
Transmutations | 2 |  2.1
Spellcasting   | 2 |  2.0
Unarmed Combat | |  2.9

Action                   || total
-------------------------++-------
Melee: Short sword       ||    64
       Unarmed           ||     6
       Kick              ||     7
       Headbutt          ||     4
       Punch             ||     3
 Cast: Beastly Appendage ||    11
Armor: Robe              ||    14
Dodge: Dodged            ||    59
Block: Other             ||    21
       Reflection        ||     1

Table legend: (Time is in decaauts)
 A = Elapsed time spent in this place.
 B = Non-inter-level travel time spent in this place.
 C = Inter-level travel time spent in this place.
 D = Time resting spent in this place.
 E = Time spent auto-exploring this place.
 F = Levels seen in this place.
 G = Mean time per level.
                   A        B        C        D        E       F      G
               +--------+--------+--------+--------+--------+-----+--------+
         Total |   1452 |   1411 |     41 |     74 |   1059 |   2 |  726.0 |
       Dungeon |   1452 |   1411 |     41 |     74 |   1059 |   2 |  726.0 |
               +--------+--------+--------+--------+--------+-----+--------+

Top non-repeatable levels by time:
     D:1: 1265 daAuts
     D:2: 187 daAuts
